[ AOE2 MATCH · #495370152 ]
UnrankedHindustanis vs Teutons
Rival team · LOSS
[ REPLAY ANALYSIS · EXTRACTED FROM THE RECORDED GAME ]
Feudal
10:15
Castle
15:13
Imperial
24:37
| APM avg | 30.4 |
| APM peak | 72 |
| eAPM avg | 13.6 |
| Villagers / military | 43 / 20 |
Focus
⚔️ 21.0% · 🌾 79.0%
Hand Cannoneer ×15 · Bombard Cannon ×4 · Mangonel ×1
Feudal
8:04
Castle
22:59
Imperial
—
| APM avg | 36.8 |
| APM peak | 89 |
| eAPM avg | 19.1 |
| Villagers / military | 57 / 6 |
Focus
⚔️ 20.7% · 🌾 79.3%
Monk ×2 · Teutonic Knight ×2 · Mangonel ×1 · Battering Ram ×1
Match map
Initial resources + every placement click. Lines = walls · curves = elevation contours. ◆ gold · ⬟ stone · ● berries · ✦ relic · ◌ wall gap
Your base· ✓ Closed at 15:13 · 13t walls · 3 gate(s)
TRUM's base· ✓ Closed at 22:59 · 0t walls · 2 gate(s)
Smoothed initial terrain · ◌ = detected wall gap · hover for details
Inputs per minute
— Mario - - TRUM
Build order — Mario
127 actions detected in the replay
| 0:00 | Queue | Villager (Male) |
| 0:01 | Queue | Villager (Male) |
| 0:02 | Build | House |
| 0:04 | Build | House |
| 0:10 | Queue | Villager (Male) |
| 0:10 | Queue | Villager (Male) |
| 1:02 | Queue | Villager (Male) |
| 1:02 | Queue | Villager (Male) |
| 1:31 | Queue | Villager (Male) |
| 1:31 | Queue | Villager (Male) |
| 2:03 | Build | Lumber Camp |
| 2:26 | Queue | Villager (Male) |
| 2:27 | Queue | Villager (Male) |
| 2:54 | Queue | Villager (Male) |
| 2:54 | Queue | Villager (Male) |
| 3:25 | Queue | Villager (Male) |
| 3:28 | Build | House |
| 3:28 | Build | House |
| 3:52 | Queue | Villager (Male) |
| 3:56 | Queue | Villager (Male) |
| 4:11 | Queue | Villager (Male) |
| 4:11 | Queue | Villager (Male) |
| 4:28 | Build | Mill |
| 4:57 | Queue | Villager (Male) |
| 5:21 | Queue | Villager (Male) |
| 5:55 | Queue | Villager (Male) |
| 6:15 | Queue | Villager (Male) |
| 6:59 | Queue | Villager (Male) |
| 7:29 | Build | Mining Camp |
| 7:40 | Queue | Villager (Male) |
| 7:48 | Research | Feudal Age |
| 7:48 | Research | Feudal Age |
| 8:29 | Research | Loom |
| 9:10 | Build | House |
| 9:17 | Build | House |
| 9:37 | Build | House |
| 9:40 | Build | House |
| 9:47 | Build | Palisade Wall |
| 9:56 | Queue | Villager (Male) |
| 10:15 | Age | Feudal Age |
| 10:17 | Build | Blacksmith |
| 10:49 | Queue | Villager (Male) |
| 11:23 | Build | Stone Wall |
| 11:27 | Build | Stone Wall |
| 11:28 | Build | Stone Wall |
| 11:28 | Build | Stone Wall |
| 11:29 | Build | Stone Wall |
| 11:44 | Build | Market |
| 12:09 | Build | House |
| 12:12 | Queue | Villager (Male) |
| 12:33 | Research | Castle Age |
| 13:04 | Research | Double-Bit Axe |
| 13:21 | Research | Horse Collar |
| 13:25 | Build | Farm |
| 13:28 | Build | Farm |
| 13:41 | Build | Farm |
| 13:49 | Build | Mill |
| 13:50 | Build | Farm |
| 13:54 | Build | Farm |
| 13:59 | Build | Farm |
| 14:19 | Build | Gate |
| 14:29 | Build | Farm |
| 15:13 | Age | Castle Age |
| 15:14 | Queue | Villager (Male) |
| 15:16 | Queue | Villager (Male) |
| 15:19 | Build | Siege Workshop |
| 15:53 | Queue | Villager (Male) |
| 15:56 | Queue | Villager (Male) |
| 16:10 | Queue | Mangonel |
| 16:23 | Build | Farm |
| 16:23 | Build | Farm |
| 16:30 | Build | Farm |
| 16:32 | Queue | Villager (Male) |
| 16:46 | Queue | Villager (Male) |
| 16:58 | Build | Gate |
| 17:03 | Build | House |
| 17:15 | Build | Farm |
| 17:24 | Build | Farm |
| 17:29 | Build | Farm |
| 17:43 | Queue | Villager (Male) |
| 17:49 | Build | Farm |
| 18:06 | Queue | Villager (Male) |
| 18:08 | Research | Bow Saw |
| 18:20 | Build | Farm |
| 18:41 | Queue | Villager (Male) |
| 18:48 | Build | Farm |
| 19:10 | Build | Farm |
| 19:16 | Queue | Villager (Male) |
| 19:24 | Build | University |
| 19:41 | Queue | Villager (Male) |
| 21:27 | Research | Imperial Age |
| 21:35 | Build | Barracks |
| 21:41 | Build | Lumber Camp |
| 22:14 | Research | Gold Mining |
| 22:32 | Build | Archery Range |
| 23:03 | Build | House |
| 23:20 | Build | House |
| 23:21 | Build | House |
| 23:48 | Build | Archery Range |
| 23:50 | Build | Archery Range |
| 24:23 | Build | Mining Camp |
| 24:37 | Age | Imperial Age |
| 24:38 | Research | Chemistry |
| 24:38 | Research | Chemistry |
| 25:15 | Research | Padded Archer Armor |
| 25:21 | Research | Wheelbarrow |
| 25:33 | Build | Town Center |
| 26:18 | Queue | Bombard Cannon |
| 26:18 | Queue | Bombard Cannon |
| 26:22 | Queue | Hand Cannoneer ×5 |
| 26:42 | Build | Farm |
| 27:02 | Queue | Hand Cannoneer ×4 |
| 27:05 | Build | Lumber Camp |
| 28:13 | Queue | Villager (Male) |
| 28:13 | Queue | Villager (Male) |
| 28:26 | Build | Market |
| 29:03 | Queue | Bombard Cannon |
| 29:26 | Queue | Villager (Male) |
| 29:27 | Queue | Villager (Male) |
| 29:33 | Queue | Bombard Cannon |
| 30:17 | Queue | Hand Cannoneer ×5 |
| 30:18 | Queue | Hand Cannoneer |
| 30:39 | Queue | Villager (Male) |
| 30:39 | Queue | Villager (Male) |
| 31:06 | Build | House |
| 31:07 | Build | House |
| 31:11 | Build | House |
Build order — TRUM
139 actions detected in the replay
| 0:01 | Queue | Villager (Male) |
| 0:02 | Build | House |
| 0:02 | Build | House |
| 0:15 | Queue | Villager (Male) |
| 0:16 | Queue | Villager (Male) |
| 0:16 | Queue | Villager (Male) |
| 0:16 | Queue | Villager (Male) |
| 1:25 | Queue | Villager (Male) |
| 1:26 | Queue | Villager (Male) |
| 1:59 | Queue | Villager (Male) |
| 1:59 | Queue | Villager (Male) |
| 1:59 | Queue | Villager (Male) |
| 2:17 | Build | Lumber Camp |
| 2:29 | Queue | Villager (Male) |
| 2:29 | Queue | Villager (Male) |
| 2:29 | Queue | Villager (Male) |
| 3:08 | Queue | Villager (Male) |
| 3:09 | Queue | Villager (Male) |
| 3:09 | Queue | Villager (Male) |
| 3:34 | Queue | Villager (Male) |
| 3:35 | Queue | Villager (Male) |
| 3:35 | Queue | Villager (Male) |
| 3:35 | Queue | Villager (Male) |
| 3:35 | Queue | Villager (Male) |
| 3:57 | Build | House |
| 4:29 | Queue | Villager (Male) |
| 4:42 | Build | Mill |
| 4:59 | Queue | Villager (Male) |
| 5:29 | Research | Loom |
| 5:29 | Research | Loom |
| 5:54 | Research | Feudal Age |
| 5:54 | Research | Feudal Age |
| 7:26 | Build | Mining Camp |
| 7:33 | Queue | Villager (Male) |
| 8:04 | Age | Feudal Age |
| 8:10 | Research | Town Watch |
| 8:11 | Research | Town Watch |
| 8:26 | Build | Blacksmith |
| 8:28 | Build | House |
| 8:52 | Build | Watch Tower |
| 8:53 | Queue | Villager (Male) |
| 9:23 | Research | Fletching |
| 9:23 | Research | Fletching |
| 10:14 | Queue | Villager (Male) |
| 10:14 | Queue | Villager (Male) |
| 10:32 | Build | Watch Tower |
| 11:04 | Queue | Villager (Male) |
| 11:05 | Queue | Villager (Male) |
| 11:37 | Queue | Villager (Male) |
| 11:37 | Queue | Villager (Male) |
| 11:48 | Build | Outpost |
| 12:14 | Build | Watch Tower |
| 12:15 | Queue | Villager (Male) |
| 12:15 | Queue | Villager (Male) |
| 12:30 | Build | Outpost |
| 12:37 | Queue | Villager (Male) |
| 12:37 | Queue | Villager (Male) |
| 13:09 | Build | Mining Camp |
| 13:20 | Queue | Villager (Male) |
| 13:33 | Build | House |
| 13:43 | Queue | Villager (Male) |
| 14:13 | Queue | Villager (Male) |
| 14:33 | Build | House |
| 14:37 | Build | House |
| 14:41 | Queue | Villager (Male) |
| 14:55 | Build | Farm |
| 15:01 | Queue | Villager (Male) |
| 15:13 | Build | Farm |
| 15:19 | Build | Watch Tower |
| 15:36 | Queue | Villager (Male) |
| 15:49 | Build | Farm |
| 15:51 | Build | Farm |
| 16:01 | Queue | Villager (Male) |
| 16:01 | Queue | Villager (Male) |
| 16:21 | Build | Watch Tower |
| 16:29 | Build | Farm |
| 16:30 | Queue | Villager (Male) |
| 16:42 | Build | Farm |
| 16:59 | Queue | Villager (Male) |
| 16:59 | Queue | Villager (Male) |
| 17:24 | Queue | Villager (Male) |
| 17:30 | Build | House |
| 17:49 | Queue | Villager (Male) |
| 18:07 | Build | Market |
| 18:08 | Queue | Villager (Male) |
| 18:25 | Build | Watch Tower |
| 18:33 | Queue | Villager (Male) |
| 19:04 | Research | Wheelbarrow |
| 19:21 | Build | House |
| 20:03 | Research | Castle Age |
| 20:04 | Research | Castle Age |
| 20:20 | Build | Outpost |
| 20:35 | Research | Double-Bit Axe |
| 20:36 | Research | Double-Bit Axe |
| 20:39 | Build | Outpost |
| 20:52 | Build | Outpost |
| 20:59 | Research | Stone Mining |
| 22:17 | Research | Gold Mining |
| 22:17 | Research | Gold Mining |
| 22:28 | Research | Horse Collar |
| 22:59 | Age | Castle Age |
| 23:06 | Build | Siege Workshop |
| 23:12 | Queue | Villager (Male) |
| 23:12 | Queue | Villager (Male) |
| 23:33 | Build | Castle |
| 23:43 | Queue | Mangonel |
| 23:53 | Queue | Villager (Male) |
| 24:01 | Research | Bow Saw |
| 24:01 | Research | Bow Saw |
| 24:35 | Build | Watch Tower |
| 25:11 | Build | Monastery |
| 25:28 | Build | Mining Camp |
| 25:33 | Queue | Monk |
| 25:44 | Research | Bodkin Arrow |
| 26:08 | Queue | Battering Ram |
| 26:16 | Queue | Villager (Male) |
| 26:27 | Build | Watch Tower |
| 26:33 | Queue | Monk |
| 27:11 | Queue | Teutonic Knight |
| 27:11 | Queue | Teutonic Knight |
| 27:20 | Build | Watch Tower |
| 27:46 | Queue | Villager (Male) |
| 27:52 | Build | Farm |
| 27:53 | Build | Farm |
| 27:53 | Build | Farm |
| 27:53 | Build | Farm |
| 27:53 | Build | Farm |
| 27:54 | Build | Farm |
| 28:39 | Research | Redemption |
| 28:39 | Research | Redemption |
| 28:48 | Build | Monastery |
| 29:31 | Research | Sanctity |
| 29:31 | Research | Sanctity |
| 30:10 | Queue | Villager (Male) |
| 30:16 | Build | Farm |
| 30:16 | Build | Farm |
| 30:16 | Build | Farm |
| 30:17 | Build | Farm |
| 31:02 | Queue | Villager (Male) |
Match timeline
| 8:04 | TRUM · age_up feudal |
| 9:47 | Mario · wall_segment Palisade Wall x8 |
| 10:15 | Mario · age_up feudal |
| 11:23 | Mario · wall_segment Stone Wall x1 |
| 11:27 | Mario · wall_segment Stone Wall x1 |
| 11:28 | Mario · wall_segment Stone Wall x1 |
| 11:28 | Mario · wall_segment Stone Wall x1 |
| 11:29 | Mario · wall_segment Stone Wall x1 |
| 15:13 | Mario · age_up castle |
| 15:19 | Mario · first_building Siege Workshop |
| 16:18 | Mario · first_market_buy 100 wood |
| 19:08 | TRUM · first_market_buy 100 food |
| 21:35 | Mario · first_building Barracks |
| 22:32 | Mario · first_building Archery Range |
| 22:59 | TRUM · age_up castle |
| 23:06 | TRUM · first_building Siege Workshop |
| 23:33 | TRUM · first_building Castle |
| 24:37 | Mario · age_up imperial |
| 25:11 | TRUM · first_building Monastery |
| 28:58 | Mario · first_market_sell 100 wood |
| 31:11 | TRUM · resign |
[ AI ANALYSIS · 1 CREDIT ]
What really happened in this match?
Wolo.gg analyzes every decision: build order, eco, micro, common mistakes by bracket. Personalized analysis on WhatsApp or Discord in 30 seconds.
Civ guide
Hindustanis
Perfil
Jugador #286096